 Dungeon Crawl Stone Soup version 0.22-a0-515-g75794bf (webtiles) character file.

532 Amnesiac the Prestidigitator (level 7, -2/35 HPs)
             Began as a Spriggan Monk on June 19, 2018.
             Slain by a killer bee zombie (6 damage)
             ... on level 7 of the Dungeon.
             The game lasted 00:04:54 (994 turns).

Amnesiac the Prestidigitator (Spriggan Monk)         Turns: 994, Time: 00:04:55

Health: -2/35      AC:  2    Str:  9    XL:     7   Next: 3%
Magic:  14/14      EV: 20    Int: 12    God:
Gold:   129        SH:  0    Dex: 18    Spells: 6/6 levels left

rFire    . . .     SeeInvis +   a - +0 short sword
rCold    . . .     Gourm    .   (shield restricted)
rNeg     . . .     Faith    .   b - +0 robe
rPois    .         Spirit   .   (helmet restricted)
rElec    .         Reflect  .   (no cloak)
rCorr    .         Harm     .   (gloves unavailable)
MR       +....                  (boots unavailable)
Stlth    +++.......             (no amulet)
HPRegen  0.11/turn              (no ring)
MPRegen  0.14/turn              (no ring)

@: flying, very quick
A: very small, unfitting armour, see invisible, herbivore, speed 3, slow
metabolism 2
a: no special abilities


You were on level 7 of the Dungeon.
You were not hungry.

You visited 1 branch of the dungeon, and saw 7 of its levels.

You collected 129 gold pieces.

Inventory:

Hand Weapons
 a - a +0 short sword (weapon)
Missiles
 e - 9 stones (quivered)
 l - 17 sling bullets
Armour
 b - a +0 robe (worn)
Wands
 k - a wand of paralysis (3)
Scrolls
 f - a scroll of teleportation {!r, unknown}
 g - a scroll of fog {!r, unknown}
 h - a scroll of amnesia {!r, unknown}
 m - a scroll of blinking {!r, unknown}
 n - 3 scrolls of identify {!r}
 p - a scroll of magic mapping {!r, unknown}
Potions
 j - a potion of cancellation {!q, unknown}
 o - a potion of heal wounds {!q, unknown}
 q - a potion of agility {!q}
Comestibles
 c - 4 rations


   Skills:
 - Level 2.4 Fighting
 * Level 4.8 Short Blades
 - Level 4.4 Dodging
 + Level 4.7 Stealth
 - Level 8.1 Evocations


You had 6 spell levels left.
You didn't know any spells.
Your spell library was empty.

Dungeon Overview and Level Annotations

Branches:
Dungeon (7/15)
 Temple: D:4-7

Altars:
Ashenzari


Innate Abilities, Weirdness & Mutations

You are very small and have problems with some larger weapons.
You are too small for most types of armour.
You have supernaturally acute eyesight. (SInv)
You are a herbivore.
You cover ground extremely quickly.
You need to consume almost no food.


Message History

The killer bee zombie completely misses you.
The killer bee zombie barely misses you.
You climb upwards.
The orc priest shouts!
A sky beast, an orc and an orc wizard come into view.
The orc shouts!
The orc wizard shouts!
The orc priest misses you.
There is a stone staircase leading down here.
Evoke which item? (* to show all) (? for menu, Esc to quit)
Aiming: Paralyse
Press: ? - help, Shift-Dir - straight line, f - you
Okay, then.
Unknown command.
Really read
n - 4 scrolls labeled HEEXOU QENELE {!r}?
As you read the scroll labeled HEEXOU QENELE {!r}, it crumbles to dust.
It is a scroll of identify.
q - a potion of agility {!q} The orc wizard mumbles some strange words.
The orc wizard blinks!
The sky beast flickers out of sight for a moment.
The orc priest closely misses you.
You climb downwards.
You hear the roar of battle.
There is an entrance to a bailey on this level.
Hurry and find it before the portal closes forever!
The killer bee zombie misses you.
The centaur zombie completely misses you.
The killer bee zombie hits you!
* * * LOW HITPOINT WARNING * * *
The centaur zombie hits you.
* * * LOW HITPOINT WARNING * * *
The killer bee zombie misses you.
There is a stone staircase leading up here.
Really quaff
d - 2 gluggy blue potions {!q}?
It was a potion of curing {!q}.
You feel better. The centaur zombie hits you.
* * * LOW HITPOINT WARNING * * *
The killer bee zombie hits you.
* * * LOW HITPOINT WARNING * * *
The orc priest calls down the wrath of Beogh upon you.
Beogh smites you!
* * * LOW HITPOINT WARNING * * *
The centaur zombie misses you.
The killer bee zombie barely misses you.
The orc priest hits you but does no damage.
The killer bee zombie closely misses you.
Okay, then.
Really quaff
d - a potion of curing {!q}?
You feel better.
The orc priest invokes the aid of Beogh against you.
You resist with significant effort. The killer bee zombie hits you.
* * * LOW HITPOINT WARNING * * *
The killer bee zombie misses you.
Okay, then.
Evoke which item? (* to show all) (? for menu, Esc to quit)
Aiming: Paralyse
Press: ? - help, Shift-Dir - straight line, f - killer bee zombie
Aim: a killer bee zombie (chance to defeat MR: 80%)
The killer bee zombie barely resists.
The killer bee zombie completely misses you.
The killer bee zombie hits you but does no damage.
Really quaff
i - a ruby potion {!q}?
It was a potion of flight {!q}.
You feel very buoyant.
You fly up into the air.
The killer bee zombie hits you.
You die...

#. #.# .. #.# .)
#. #.## #.@#
##Z######
#oZ#...# #...<.#
### ##....##
###.#####......#
##......#..#....#
#.......#.####.##
# ##.........# ##


You could see an orc priest, a killer bee zombie and a centaur zombie.

Vanquished Creatures
  A hippogriff (D:7)
  Prince Ribbit (D:5)
  A bullfrog (D:6)
  A quasit (D:5)
  An orc wizard (D:6)
  A worker ant (D:5)
  An orc (D:5)
  A giant cockroach (D:6)
  A hobgoblin (D:1)
  3 jackals (D:7)
  2 quokkas
  A frilled lizard (D:5)
15 creatures vanquished.

Notes
Turn   | Place    | Note
-------+----------+-------------------------------------------
     0 | D:1      | Amnesiac the Spriggan Monk began the quest for the Orb.
     0 | D:1      | Reached XP level 1. HP: 11/11 MP: 2/2
   150 | D:4      | Noticed a worker ant
   159 | D:5      | Entered Level 5 of the Dungeon
   176 | D:5      | Noticed a quasit
   346 | D:5      | Noticed Prince Ribbit
   447 | D:6      | Noticed a bullfrog
   454 | D:6      | Noticed a worker ant
   470 | D:6      | Noticed an orc wizard
   477 | D:6      | Killed a bullfrog
   477 | D:6      | Reached skill level 4 in Evocations
   477 | D:6      | Reached XP level 2. HP: 8/16 MP: 3/6
   477 | D:6      | Reached XP level 3. HP: 10/19 MP: 3/7
   477 | D:6      | Reached XP level 4. HP: 12/23 MP: 3/8
   489 | D:5      | Reached skill level 5 in Evocations
   564 | D:5      | Killed Prince Ribbit
   564 | D:5      | Reached skill level 7 in Evocations
   564 | D:5      | Reached XP level 5. HP: 21/27 MP: 8/11
   564 | D:5      | Reached XP level 6. HP: 25/32 MP: 8/12
   594 | D:5      | Found a shattered altar of Ashenzari.
   891 | D:6      | Reached skill level 8 in Evocations
   930 | D:7      | Noticed a hippogriff
   939 | D:7      | Killed a hippogriff
   939 | D:7      | Reached XP level 7. HP: 26/35 MP: 14/14
   947 | D:7      | Noticed a hornet
   987 | D:7      | HP: 1/35 [orc priest/divine providence (8)]
   994 | D:7      | Slain by a killer bee zombie

Vault maps used:
D:1:      dpeg_arrival_radiant, fountainhead
D:2:      solitary_fountain, st_stairs_3, kennysheep_big_empty_room
D:3:      grunt_temple_overflow_forces_of_nature,
          grunt_temple_overflow_order_and_chaos_2, hangedman_feature_mirror,
          nemelex_dance_club_becter, uniq_jessica, uniq_robin
D:4:      kennysheep_mini, minmay_temple_entry_statues_pillars, serial_shops,
          nicolae_shop_statue_plus, shop, nicolae_shop_statue_plus, shop,
          first_ration, lemuel_angel_altar
D:5:      cheibrodos_iron_armory, lemuel_round_altar, uniq_prince_ribbit1
D:6:      kennysheep_big_flooded_room, mumra_transporter_accident
D:7:      enter_bailey_3

Skill      XL: |  1  2  3  4  5  6 |
---------------+-------------------+-----
Evocations     | 4 7 8 |  8.1
Short Blades   | 4 |  4.8
Stealth        | 4 |  4.7
Fighting       | |  2.4
Dodging        | |  4.4

Action                   |  1- 3 |  4- 6 |  7- 9 || total
-------------------------+-------+-------+-------++-------
Melee: Short sword       |    12 |    33 |     1 ||    46
Evoke: Wand              |     3 |     4 |     1 ||     8
  Use: Potion            |       |       |     3 ||     3
       Scroll            |       |       |     1 ||     1
 Stab: Sleeping          |     4 |     4 |       ||     8
       Paralysed         |     2 |     6 |       ||     8
Armor: Robe              |       |     2 |     1 ||     3
Dodge: Dodged            |     6 |    25 |    23 ||    54

Table legend:
 A = Spawn XP
 B = Non-spawn XP
 C = Spawn XP percentage of total XP
 D = Spawn monster count
 E = Non-spawn monster count
 F = Spawn count percentage of total count
 G = Total turns spent on level
                    A         B        C        D         E        F      G
               +---------+---------+-------+---------+---------+-------+---------
         Total |       0 |     760 |   0.0 |       0 |      15 |   0.0 |   994
               +---------+---------+-------+---------+---------+-------+---------
           D:1 |       0 |       2 |   0.0 |       0 |       1 |   0.0 |    47
           D:4 |       0 |       2 |   0.0 |       0 |       1 |   0.0 |    71
           D:5 |       0 |     349 |   0.0 |       0 |       5 |   0.0 |   436
           D:6 |       0 |     131 |   0.0 |       0 |       4 |   0.0 |   305
           D:7 |       0 |     276 |   0.0 |       0 |       4 |   0.0 |    94
               +---------+---------+-------+---------+---------+-------+---------
